 Dungeon Crawl Stone Soup version 0.18.1-48-g4cf74bf (webtiles) character file.

7501 Gargoyl the Protected (level 10, -3/72 HPs)
             Began as a Demonspawn Abyssal Knight on July 5, 2016.
             Was the Champion of Lugonu.
             Slain by an orc warrior
             ... wielding a +0 long sword
              (11 damage)
             ... on level 10 of the Dungeon.
             The game lasted 00:28:42 (13753 turns).

Gargoyl the Protected (Demonspawn Abyssal Knight)  Turns: 13753, Time: 00:28:43

Health: -3/72      AC: 17    Str: 14 (16) XL:     10   Next: 95%
Magic:  12/12      EV: 14    Int: 12      God:    Lugonu [******]
Gold:   302        SH:  5    Dex: 14      Spells: 0 memorised, 9 levels left

rFire  . . .     SeeInvis +     C - +0 broad axe
rCold  . . .     Gourm    .     m - +0 plate armour
rNeg   . . .     Faith    .     i - +0 buckler
rPois  .         Spirit   .     b - +2 hat {MR+}
rElec  .         Dismiss  .     A - +0 cloak
rCorr  .         Reflect  .     (no gloves)
SustAt .         Harm     .     (no boots)
MR     +....                    r - amulet of rage
Stlth  ..........               f - +4 ring of evasion
                                z - ring of see invisible

@: exhausted, slowed, repel missiles, very slow, somewhat resistant to hostile
enchantments, extremely unstealthy
A: hooves 1, repulsion field 3, agile 1, dopey 1, frail 1, nightstalker 1,
screaming 1
a: Depart the Abyss, Bend Space, Banish, Corrupt, Enter the Abyss, Brand Weapon
With Distortion, Renounce Religion, Evoke Berserk Rage


You were on level 10 of the Dungeon.
You worshipped Lugonu.
Lugonu was exalted by your worship.
You were very hungry.

You visited 1 branch of the dungeon, and saw 10 of its levels.
You visited the Abyss 1 time.

You collected 557 gold pieces.
You spent 255 gold pieces at shops.

Inventory:

Hand Weapons
 k - the +10 rapier of Discord {pierce, Str+5 Stlth+}
   (You found it on level 7 of the Dungeon)

   It inflicts extra damage upon your enemies.
   It affects your strength (+5).
   It makes you more stealthy.
 C - a +0 broad axe (weapon)
Missiles
 h - 5 javelins (quivered)
Armour
 b - a +2 hat of magic resistance (worn)
 i - a +0 buckler (worn)
 m - a +0 plate armour (worn)
 A - a +0 cloak (worn)
Jewellery
 f - a +4 ring of evasion (right hand)
 r - an amulet of rage (around neck)
 z - a ring of see invisible (left hand)
 B - a +3 ring of evasion
Wands
 y - a wand of lightning (3/15)
Scrolls
 a - 2 scrolls of fear
 d - a scroll of amnesia
 g - 8 scrolls of identify
 u - 2 scrolls of teleportation
 w - 2 scrolls of blinking
 D - 6 scrolls of recharging
 E - a scroll of magic mapping
Potions
 e - 2 potions of heal wounds
 l - 4 potions of agility
 s - a potion of haste
 t - a potion of ambrosia
 v - a potion of curing
Books
 c - a book of Summonings

   Spells                             Type                      Level
   a - Recall                         Summoning/Translocation      3
   b - Aura of Abjuration             Summoning                    5
   c - Summon Demon                   Summoning                    5
   d - Summon Forest                  Summoning/Translocation      5
   e - Summon Mana Viper              Hexes/Summoning              5
   f - Shadow Creatures               Summoning                    6
Comestibles
 j - 8 bread rations
 n - 8 beef jerkies
 o - a meat ration
 p - 9 chunks of flesh


   Skills:
 + Level 8.0 Fighting
 + Level 0.8 Short Blades
 + Level 7.5 Axes
 + Level 1.0 Throwing
 * Level 9.7 Armour
 + Level 4.6 Dodging
 + Level 0.4 Stealth
 + Level 4.1 Shields
 + Level 2.9 Invocations
 + Level 2.1 Evocations


You had 9 spell levels left.
You didn't know any spells.

Dungeon Overview and Level Annotations

Branches:
Dungeon (10/15)            Temple (0/1) D:5
   Lair: D:8-11         Orc: D:9-12

Altars:
Ashenzari
Cheibriados
Fedhas
Kikubaaqudgha
Nemelex Xobeh
Okawaru
Pakellas
Qazlal
Trog
Yredelemnul
Zin
The Shining One

Shops:
D:5 [*   D:6 [   D:7 [

Annotations:
Abyss:1 Pikel


Innate Abilities, Weirdness & Mutations

You have large cloven feet.
You are surrounded by a strong repulsion field (EV +4, rMsl).
You are slightly more attuned to the shadows.
You are agile. (Dex +2)
You are dopey. (Int -2)
You are frail (-10% HP).
You occasionally shout uncontrollably at your foes.


Message History

a stone; 11 gold pieces The big kobold misses you.
An orc priest comes into view.
You are feeling very hungry.
The orc warrior barely misses you. The big kobold hits you.
The orc warrior closely misses you. The big kobold barely misses you.
The orc priest calls down the wrath of Beogh upon you.
Beogh smites you!
* * * LOW HITPOINT WARNING * * *
You block the big kobold's attack.
The orc warrior hits you but does no damage.
An orc comes into view. It is wielding a falchion.
The orc warrior hits you but does no damage.
The orc shouts!
The big kobold hits you.
* * * LOW HITPOINT WARNING * * *
The orc warrior hits you with a long sword!
You die...

#....... #.######
#..........###. #......#
#..........'... #......#
#..........#...
#......###...≈≈≈..≈.#...
#.......##.....≈≈.≈.#...
#.......##o......)†.#)..
#......oKo......(.).')(.
#......@####.#.######†).
....≈.)<)....#.# #...
..≈≈≈........... +.o.
..≈≈≈..#####.#.## #...
..≈≈...# #.#.# #...
.......# #.#.# #...
...... #..... .....<


You could see an orc warrior, a big kobold, an orc priest and an orc.

Vanquished Creatures
  Joseph (D:8)
  The ghost of Gargoyl the Covered, a novice DsAK of Lugonu (D:6)
  Eustachio (D:6)
  6 yaks (D:10)
  An ice beast (D:5)
  A hippogriff (D:8)
  Edmund (D:5)
  2 sky beasts (D:9)
  Duvessa (D:5)
  A black bear (D:7)
  2 orc warriors
  4 ogres
  An eye of draining (D:9)
  3 phantoms
  5 centaurs
  2 crocodiles
  A big kobold (D:10)
  Blork the orc (D:4)
  A gnoll sergeant (D:10)
  3 giant frogs
  Dowan (D:5)
  A wyvern skeleton (D:9)
  4 scorpions
  5 killer bees (D:7)
  9 wights
  3 howler monkeys
  A crimson imp (D:6)
  A giant frog zombie (D:6)
  3 centaur zombies
  5 hounds
  A giant frog skeleton (D:7)
  3 jellies
  11 orc priests
  A centaur skeleton (D:4)
  A gnoll shaman (D:8)
  12 orc wizards
  Jessica (D:3)
  5 iguanas
  8 worker ants
  A mummy (D:6)
  2 hound skeletons
  Robin (D:3)
  A howler monkey zombie (D:8)
  12 gnolls
  11 adders
  A howler monkey skeleton (D:5)
  2 adder skeletons (D:7)
  2 worms (D:2)
  4 dart slugs
  7 giant geckos
  61 orcs
  5 bats
  4 giant cockroaches
  10 goblins
  11 hobgoblins
  16 jackals
  14 kobolds
  6 quokkas
  4 giant newts
  A jackal skeleton (D:4)
  A kobold zombie (D:6)
  3 orc zombies (D:6)
  A quokka skeleton (D:5)
  13 rats
309 creatures vanquished.

Vanquished Creatures (others)
  A slave (D:5)
  A killer bee (D:7)
  A centaur skeleton (D:5)
  An adder zombie (D:5)
  A giant gecko (D:5)
  4 jackals (D:5)
9 creatures vanquished.

Grand Total: 318 creatures vanquished

Notes
Turn   | Place    | Note
--------------------------------------------------------------
     0 | Abyss:1  | Gargoyl the Demonspawn Abyssal Knight began the quest for the Orb.
     0 | Abyss:1  | Reached XP level 1. HP: 18/18 MP: 2/2
    42 | Abyss:1  | Noticed a sun demon
    43 | Abyss:1  | Noticed a ynoxinul
    43 | Abyss:1  | Noticed a large abomination
   136 | Abyss:4  | Noticed a chaos spawn
   142 | Abyss:4  | Noticed a quasit
   153 | D:1      | Escaped the Abyss
   169 | D:1      | Reached * piety under Lugonu
   184 | D:1      | Reached skill level 1 in Dodging
   225 | D:1      | Reached skill level 2 in Armour
   281 | D:1      | Gained mutation: You are slightly more attuned to the shadows. [demonic ancestry]
   281 | D:1      | Reached XP level 2. HP: 22/24 MP: 3/3
   606 | D:1      | Gained mutation: You have large cloven feet. [demonic ancestry]
   606 | D:1      | Reached XP level 3. HP: 20/30 MP: 4/4
  1595 | D:2      | Reached ** piety under Lugonu
  1757 | D:2      | Found a basalt altar of Yredelemnul.
  2147 | D:2      | Reached XP level 4. HP: 28/37 MP: 5/5
  2353 | D:2      | Reached skill level 3 in Armour
  2449 | D:3      | Found a bloodstained altar of Trog.
  2454 | D:3      | Noticed Robin
  2464 | D:3      | Killed Robin
  3032 | D:3      | Gained mutation: You are surrounded by a mild repulsion field (EV +2). [demonic ancestry]
  3032 | D:3      | Reached XP level 5. HP: 42/42 MP: 6/6
  3097 | D:3      | Found an oddly glowing altar of Pakellas.
  3101 | D:3      | Found a sparkling altar of Nemelex Xobeh.
  3263 | D:3      | Noticed Jessica
  3307 | D:3      | Killed Jessica
  3621 | D:3      | Reached skill level 4 in Armour
  3999 | D:3      | Reached XP level 6. HP: 41/48 MP: 7/7
  4122 | D:3      | Found a shattered altar of Ashenzari.
  4253 | D:3      | Reached *** piety under Lugonu
  4951 | D:4      | Reached skill level 5 in Armour
  4952 | D:4      | Reached XP level 7. HP: 55/55 MP: 8/8
  4971 | D:4      | Noticed Blork the orc
  4990 | D:4      | Gained mutation: You occasionally shout uncontrollably at your foes. [potion of mutation]
  4990 | D:4      | Gained mutation: You are frail (-10% HP). [potion of mutation]
  4990 | D:4      | Lost mutation: You are frail (-10% HP). [potion of mutation]
  5005 | D:4      | Killed Blork the orc
  5569 | D:5      | Entered Level 5 of the Dungeon
  5746 | D:5      | Found an ancient bone altar of Kikubaaqudgha.
  5793 | D:5      | Noticed Dowan
  5794 | D:5      | Noticed Duvessa
  5809 | D:5      | Killed Duvessa
  5809 | D:5      | Reached skill level 5 in Fighting
  5809 | D:5      | Reached skill level 1 in Shields
  5823 | D:5      | Killed Dowan
  5967 | D:5      | Noticed Pikel
  5978 | D:5      | Reached skill level 6 in Armour
  5982 | D:5      | Banished Pikel
  5982 | D:5      | Reached skill level 1 in Evocations
  5982 | D:5      | Reached XP level 8. HP: 18/62 MP: 9/9
  6006 | D:5      | Noticed Edmund
  6027 | D:5      | Killed Edmund
  6200 | D:5      | Found a staircase to the Ecumenical Temple.
  6303 | D:5      | Found Oweith's General Store.
  6306 | D:5      | Bought a potion of curing for 42 gold pieces
  6306 | D:5      | Bought a scroll of blinking for 105 gold pieces
  6501 | D:5      | Found Tese's Antique Armour Shop.
  6504 | D:5      | Bought a runed helmet for 108 gold pieces
  7010 | D:6      | Noticed Gargoyl's ghost (novice DsAK)
  7046 | D:5      | Identified a scroll of acquirement
  7081 | D:6      | Killed Gargoyl's ghost
  7081 | D:6      | Reached skill level 5 in Axes
  7081 | D:6      | Reached skill level 7 in Armour
  7081 | D:6      | Gained mutation: You are surrounded by a moderate repulsion field (EV +3). [demonic ancestry]
  7081 | D:6      | Reached XP level 9. HP: 25/69 MP: 11/11
  7429 | D:6      | Reached **** piety under Lugonu
  7570 | D:6      | Noticed Eustachio
  7778 | D:6      | Killed Eustachio
  7778 | D:6      | Reached skill level 1 in Throwing
  9058 | D:6      | Found Uruster's Antique Armour Boutique.
  9101 | D:6      | Found a glowing golden altar of the Shining One.
  9845 | D:7      | Reached ***** piety under Lugonu
  9845 | D:7      | Reached skill level 8 in Armour
  9862 | D:7      | Got a brightly glowing rapier
  9863 | D:7      | Identified the +10 rapier of Discord {pierce, Str+5 Stlth+} (You found it on level 7 of the Dungeon)
  9915 | D:7      | Found a blossoming altar of Fedhas.
  9981 | D:7      | Found Worikhai's Armour Shop.
 10921 | D:8      | Reached XP level 10. HP: 62/77 MP: 12/12
 10961 | D:8      | Found a snail-covered altar of Cheibriados.
 11292 | D:8      | Noticed Joseph
 11320 | D:8      | Killed Joseph
 11618 | D:8      | Found a stormy altar of Qazlal.
 12114 | D:9      | Gained mutation: You are agile. (Dex +2) [mutagenic meat]
 12115 | D:9      | Gained mutation: You are surrounded by a strong repulsion field (EV +4, rMsl). [mutagenic meat]
 12116 | D:9      | Gained mutation: You are dopey. (Int -2) [mutagenic meat]
 12117 | D:9      | Gained mutation: You are frail (-10% HP). [mutagenic meat]
 12135 | D:9      | Found a glowing silver altar of Zin.
 12296 | D:9      | Reached skill level 9 in Armour
 12745 | D:9      | Gained mutation: Your spells are a little easier to cast, but a little less powerful. [mutagenic meat]
 12749 | D:9      | Lost mutation: Your spells are a little easier to cast, but a little less powerful. [potion of beneficial mutation]
 12890 | D:9      | Found an iron altar of Okawaru.
 13494 | D:10     | Entered Level 10 of the Dungeon
 13638 | D:9      | Reached ****** piety under Lugonu
 13753 | D:10     | Slain by an orc warrior

Skill      XL: |  1  2  3  4  5  6  7  8  9 10 |
---------------+-------------------------------+-----
Dodging        | 1 2 3 4 |  4.6
Armour         | 2 3 4 5 6 7 8 9 |  9.7
Axes           | 2 3 5 6 7 |  7.5
Fighting       | 4 5 6 8 |  8.0
Shields        | 1 2 3 4 |  4.1
Evocations     | 1 2 |  2.1
Throwing       | 1 |  1.0
Short Blades   | |  0.8
Stealth        | |  0.4
Invocations    | |  2.9

Action                   |  1- 3 |  4- 6 |  7- 9 | 10-12 || total
-------------------------+-------+-------+-------+-------++-------
Melee: Hand axe          |   178 |   294 |    25 |       ||   497
       Kick              |    21 |    74 |   136 |   121 ||   352
       War axe           |       |       |   485 |   162 ||   647
       Broad axe         |       |       |       |   245 ||   245
       Rapier            |       |       |       |    51 ||    51
Throw: Javelin           |       |     7 |     7 |       ||    14
Invok: Depart the Abyss  |     1 |       |       |       ||     1
       Banish            |       |       |     2 |       ||     2
 Abil: Evoke Berserk Rag |       |     2 |     4 |     3 ||     9
  Use: Scroll            |       |     8 |    15 |     1 ||    24
       Potion            |       |       |     3 |     5 ||     8
  Eat: Chunk             |     3 |     7 |    16 |    18 ||    44
       Bread ration      |     1 |       |       |       ||     1
       Fruit             |       |       |     7 |       ||     7
       Beef jerky        |       |       |     1 |       ||     1
       Royal jelly       |       |       |       |     1 ||     1
Armor: Chain mail        |   136 |   237 |   357 |       ||   730
       Plate armour      |       |       |     9 |   242 ||   251
Dodge: Dodged            |    64 |   159 |   350 |   368 ||   941
       Deflected         |       |       |       |     3 ||     3
Block: Buckler           |       |    11 |   116 |   113 ||   240
